 Dungeon Crawl Stone Soup version 0.31.0-9-g3a7656b989 (webtiles) character file.

Game seed: 13398802396804078273

58 Eitelfritz the Firebug (level 3, -5/24 HPs)
             Began as a Demonspawn Fire Elementalist on Feb 3, 2024.
             Killed from afar by an orc wizard (10 damage)
             ... with a puff of flame
             ... on level 3 of the Dungeon.
             The game lasted 00:05:11 (2067 turns).

Eitelfritz the Firebug (DsFE)                       Turns: 2067, Time: 00:05:12

Health: -5/24      AC:  2    Str:  8    XL:     3   Next: 76%
Magic:  1/6        EV: 17    Int: 17    God:
Gold:   86         SH:  0    Dex: 13    Spells: 2/6 levels left

rFire   . . .        d - +0 whip
rCold   . . .        (no shield)
rNeg    . . .        a - +0 robe
rPois   .            (no helmet)
rElec   .            (no cloak)
rCorr   .            (no gloves)
SInv    .            (no boots)
Will    .....        j - amulet of the acrobat
Stlth   +            l - +5 ring of evasion
HPRegen 0.24/turn    (no ring)
MPRegen 0.10/turn

%: acrobat
@: confused, very slightly contaminated
A: weakness stinger 1
a: no special abilities


You were on level 3 of the Dungeon.
You visited 1 branch of the dungeon, and saw 3 of its levels.

You collected 86 gold pieces.

Inventory:

Hand Weapons
 d - a +0 whip (weapon)
Missiles
 f - 3 boomerangs
Armour
 a - a +0 robe (worn)
Jewellery
 j - an amulet of the acrobat (around neck)
 l - a +5 ring of evasion (left hand)
Wands
 m - a wand of flame (12)
Scrolls
 g - 2 scrolls of enchant weapon {unknown}
 h - a scroll of amnesia {unknown}
 i - 2 scrolls of identify {unknown}
 n - a scroll of fog {unknown}
Potions
 b - a potion of magic
 c - a potion of mutation {unknown}
 e - 2 potions of resistance {unknown}
 k - a potion of experience {unknown}


   Skills:
 + Level 0.7 Maces & Flails
 + Level 2.0 Dodging
 + Level 2.1 Stealth
 + Level 0.1 Unarmed Combat
 + Level 2.3 Spellcasting
 + Level 1.3 Conjurations
 + Level 0.5 Necromancy
 + Level 3.3 Fire Magic


You had 2 spell levels left.
You knew the following spells:

 Your Spells              Type           Power      Damage    Failure   Level
a - Foxfire               Conj/Fire      36%        2x1d5     7%          1
b - Scorch                Fire           26%        2d6       7%          2
c - Necrotise             Necr           12%        1d4       16%         1

Your spell library contained the following spells:

 Spells                   Type           Power      Damage    Failure   Level
 Sting                    Conj/Alch      16%        1d4       14%         1
 Apportation              Tloc           4%         N/A       19%         1
 Summon Small Mammal      Summ           8%         N/A       19%         1
 Inner Flame              Hex/Fire       7%         N/A       28%         3
 Volatile Blastmotes      Fire/Tloc      14%        2d11      28%         3
 Flame Wave               Conj/Fire      9%         2d6       56%         4


Dungeon Overview and Level Annotations

Branches:
Dungeon (3/15)

Altars:


Innate Abilities, Weirdness & Mutations

You have a small tail.


Message History

Things that are here:
a +0 morningstar; a +0 leather armour Your orc skeleton closely misses the orc.
The orc hits your orc skeleton with a +0 hand axe.
Your orc skeleton is destroyed!
Something misses you. Something hits you.
You hear some strange, mumbled words.
A magic dart appears from out of thin air!
The magic dart hits you.
Casting: Foxfire (safe; 7% risk of failure)
Confirm with . or Enter, or press ? or * to list all spells.
You miscast Scorch.
You are very lightly contaminated with residual magic.
Nothing appears to happen.
The orc closely misses you.
You hear some strange, mumbled words.
Something tries to affect you, but you resist.
Casting: Scorch (safe; 7% risk of failure)
Confirm with . or Enter, or press ? or * to list all spells.
You don't have enough magic to cast this spell.
You barely miss the orc. You tail-slap the orc.
The orc is severely wounded.
The orc closely misses you. Something hits you but does no damage.
You barely miss something. Your punch misses something.
The orc barely misses you. Something hits you.
You barely miss something. The orc misses you. Something hits you.
You hit something.
Your tail-slap misses something.
The orc misses you. Something hits you.
You hit something.
Your tail-slap misses something.
The orc misses you. Something hits you.
You hit something but do no damage. The orc hits you with a +0 hand axe.
* * * LOW HITPOINT WARNING * * *
You hear some strange, mumbled words.
You are confused.
You hit the orc.
You kill the orc!
You hear some strange, mumbled words.
A puff of flame appears from out of thin air!
The puff of flame hits you!
You die...

#.##.#.###......####.
######.##.................
##........>.....)......###.
........†....##.....#...(..
######<.###.###.##.#......
##.# #.# #.##.# #.##. #.#
#.###.##.#..... #.#
#.##.......).##. #.#
#.###@{##....# #.# #.#
#).##....# #.# #o#
#...+....# #.#
#......##...... .........#
......# .......... .......
....###..## .... .... ...
...#


There were no monsters in sight!

Vanquished Creatures
  An adder (D:2)
  2 dart slugs
  3 orcs
  4 hobgoblins
  10 jackals (D:2)
  2 kobolds
  A quokka (D:2)
  4 ball pythons (D:1)
  A frilled lizard (D:2)
  7 goblins
  5 rats
40 creatures vanquished.

Vanquished Creatures (others)
  60 foxfires
60 creatures vanquished.

Grand Total: 100 creatures vanquished

Notes
Turn   | Place    | Note
-------+----------+-------------------------------------------
     0 | D:1      | Eitelfritz the Demonspawn Fire Elementalist began the quest
                  | for the Orb.
     0 | D:1      | Reached XP level 1. HP: 13/13 MP: 3/3
   105 | D:1      | Reached skill level 3 in Fire Magic
   233 | D:1      | Gained mutation: You have a small tail. [demonic ancestry]
   233 | D:1      | Reached XP level 2. HP: 17/19 MP: 0/5
   944 | D:2      | Reached XP level 3. HP: 23/24 MP: 3/6
   947 | D:2      | Learned a level 2 spell: Scorch
   949 | D:2      | Learned a level 1 spell: Necrotise
  2067 | D:3      | Killed from afar by an orc wizard

Illustrated notes

Levels and vault maps discovered:
D:1:      scummos_arrival_gate, layout_rooms, minmay_octomino_e4
D:2:      layout_loops_corners, chequers_serial_rivers_marsh,
          minmay_misc_feat_secret_circle, st_stairs_2
D:3:      layout_basic

Skill      XL: |  1  2 |
---------------+-------+-----
Fire Magic     | 3 |  3.3
Stealth        | 2 |  2.1
Dodging        | 2 |  2.0
Maces & Flails | |  0.7
Unarmed Combat | |  0.1
Spellcasting   | |  2.3
Conjurations   | |  1.3
Necromancy     | |  0.5

Action                     || total
---------------------------++-------
  Melee: Unarmed           ||     4
         Whip              ||    44
         Tailslap          ||     4
   Cast: Foxfire           ||    35
         Necrotise         ||    15
         Scorch            ||     4
   Stab: Sleeping          ||     1
 Armour: Robe              ||    55
  Dodge: Dodged            ||    92
